 Dungeon Crawl Stone Soup version 0.23.0 (webtiles) character file.

Game seed: 1331273344552182998

1383 doot the Archer (level 8, -1/67 HPs)
             Began as a Centaur Hunter on Feb 10, 2019.
             Slain by a killer bee (9 damage)
             ... on level 7 of the Dungeon.
             The game lasted 00:13:25 (6756 turns).

doot the Archer (Centaur Hunter)                    Turns: 6756, Time: 00:13:27

Health: -1/67      AC:  1    Str: 18    XL:     8   Next: 40%
Magic:  8/8        EV: 10    Int: 10    God:
Gold:   190        SH:  0    Dex:  9    Spells: 7/7 levels left

rFire    + . .     SeeInvis .   b - +0 short sword
rCold    . . .     Gourm    .   (no shield)
rNeg     . . .     Faith    .   c - +0 leather armour
rPois    .         Spirit   .   (no helmet)
rElec    .         Reflect  .   (no cloak)
rCorr    .         Harm     .   r - +1 pair of gloves
MR       .....                  (no barding)
Stlth    ..........             (no amulet)
HPRegen  0.21/turn              g - ring of protection from fire
MPRegen  0.11/turn              y - -5 ring of protection (curse)

@: confused, lethally poisoned (-1 -> -21), very quick
A: large, hooves 3, deformed body, speed 2, tough skin 3
a: no special abilities


You were on level 7 of the Dungeon.
You were not hungry.

You visited 1 branch of the dungeon, and saw 7 of its levels.

You collected 190 gold pieces.

Inventory:

Hand Weapons
 a - a +2 shortbow
 b - a +0 short sword (weapon)
Missiles
 d - 24 arrows
Armour
 c - a +0 leather armour (worn)
 r - a +1 pair of gloves (worn)
Magical Staves
 t - an uncursed staff of wizardry
Jewellery
 g - a ring of protection from fire (left hand)
 y - a cursed -5 ring of protection (right hand)
Wands
 s - a wand of flame (15)
Scrolls
 i - a scroll of immolation
 j - a scroll of enchant armour
 k - 3 scrolls of identify
 n - 2 scrolls of enchant weapon
Potions
 m - a potion of haste {unknown}
 p - a potion of ambrosia
 w - a potion of lignification {unknown}
Comestibles
 f - 7 rations
 h - a chunk of flesh


   Skills:
 + Level 4.4 Fighting
 + Level 2.9 Short Blades
 + Level 10.9 Bows
 + Level 2.6 Armour
 + Level 2.2 Dodging
 + Level 0.8 Stealth


You had 7 spell levels left.
You didn't know any spells.
Your spell library contained the following spells:

 Spells                   Type           Power        Failure   Level  Hunger
 Animate Skeleton         Necr           N/A          41%         1    ##.....
 Apportation              Tloc           #.....       41%         1    ##.....
 Confusing Touch          Hex            #.....       41%         1    ##.....
 Sandblast                Erth           #.....       41%         1    ##.....
 Summon Small Mammal      Summ           #...         41%         1    ##.....
 Passwall                 Tmut/Erth      #.......     56%         2    ###....
 Stone Arrow              Conj/Erth      #.....       80%         3    ####...
 Petrify                  Tmut/Erth      #.......     99%         4    #####..
 Lee's Rapid Deconstruct  Erth           #.........   100%        5    ######.


Dungeon Overview and Level Annotations

Branches:
Dungeon (7/15)
 Temple: D:4-7

Altars:
Kikubaaqudgha

Annotations:
D:3 1 runed translucent door, Kairos's ghost, amateur VSFi


Innate Abilities, Weirdness & Mutations

You have hooves in place of feet.
Armour fits poorly on your strangely shaped body.
You cover ground very quickly.
You have extremely tough skin. (AC +3)


Message History

You feel sick. The killer bee barely misses you. x2
You hit the killer bee but do no damage.
The killer bee is heavily wounded.
You feel sick. The killer bee stings you!
* * * LOW HITPOINT WARNING * * *
The killer bee barely misses you.
You closely miss the killer bee.
The killer bee is heavily wounded.
The killer bee stings you.
* * * LOW HITPOINT WARNING * * *
You are more poisoned.
The killer bee poisons you! The killer bee stings you.
* * * LOW HITPOINT WARNING * * *
It was a potion of ambrosia.
You are confused.
You feel invigorated.
You feel sick. The killer bee stings you.
* * * LOW HITPOINT WARNING * * *
You are more poisoned.
The killer bee poisons you! The killer bee stings you!
You die...

###+ #.÷## ### #@#'### #..
#y##..### #.# #.##....### #
#.+ ..?#.##...### #### #.##
#.##÷##.#...### ...###.'###
#.##......#...#
##.....#..###
#(##.##.#...###
######.#.##.####(.#.##...###
# ..#.#....## +....###


You could see a killer bee.

Vanquished Creatures
  A sky beast (D:5)
  An ogre (D:5)
  A phantom (D:5)
  A centaur (D:6)
  3 bullfrogs
  3 scorpions
  3 howler monkeys
  A bullfrog zombie (D:6)
  A hound (D:5)
  A jelly (D:5)
  A bullfrog skeleton (D:6)
  An iguana (D:5)
  2 orc wizards (D:4)
  7 worker ants
  2 hound skeletons
  4 gnolls (D:3)
  7 adders
  A shadow imp (D:5)
  An adder zombie (D:6)
  A worm (D:4)
  2 dart slugs
  6 leopard geckos
  18 orcs
  A ball python (D:1)
  3 bats
  5 giant cockroaches
  A goblin (D:1)
  4 jackals (D:5)
  2 kobolds (D:3)
  2 quokkas
  2 frilled lizards
  A jackal skeleton (D:4)
  A jackal zombie (D:5)
  A leopard gecko skeleton (D:5)
  5 rats
97 creatures vanquished.

Notes
Turn   | Place    | Note
-------+----------+-------------------------------------------
     0 | D:1      | doot the Centaur Hunter began the quest for the Orb.
     0 | D:1      | Reached XP level 1. HP: 17/17 MP: 1/1
   161 | D:1      | Reached XP level 2. HP: 24/24 MP: 2/2
   188 | D:1      | Reached skill level 6 in Bows
   585 | D:3      | Noticed Kairos's ghost (amateur VSFi)
   586 | D:3      | Found a runed translucent door.
   624 | D:3      | Found an ancient bone altar of Kikubaaqudgha.
   661 | D:3      | Reached XP level 3. HP: 29/29 MP: 3/3
   750 | D:3      | Reached skill level 7 in Bows
  1071 | D:3      | Reached XP level 4. HP: 15/36 MP: 4/4
  1100 | D:3      | HP: 1/36 [poisoned by an adder]
  1967 | D:4      | Reached XP level 5. HP: 32/42 MP: 5/5
  2202 | D:4      | Reached skill level 8 in Bows
  2469 | D:5      | Entered Level 5 of the Dungeon
  2512 | D:5      | Noticed an ogre
  2522 | D:5      | Killed an ogre
  2522 | D:5      | Reached skill level 1 in Armour
  2522 | D:5      | Reached XP level 6. HP: 50/50 MP: 6/6
  2888 | D:5      | Reached skill level 9 in Bows
  3028 | D:5      | Reached skill level 1 in Short Blades
  3481 | D:5      | Reached XP level 7. HP: 46/57 MP: 7/7
  4047 | D:5      | HP: 2/57 [something (5)]
  5003 | D:6      | Reached skill level 10 in Bows
  5172 | D:6      | Reached XP level 8. HP: 39/66 MP: 8/8
  6756 | D:7      | Slain by a killer bee

Skill      XL: |  1  2  3  4  5  6  7 |
---------------+----------------------+-----
Bows           | 6 7 8 9 10 | 10.9
Armour         | 1 2 |  2.6
Fighting       | 3 4 |  4.4
Short Blades   | 1 2 |  2.9
Dodging        | 2 |  2.2
Stealth        | |  0.8

Action                   |  1- 3 |  4- 6 |  7- 9 || total
-------------------------+-------+-------+-------++-------
Melee: Short sword       |    19 |    50 |   133 ||   202
       Kick              |     2 |    16 |    21 ||    39
 Fire: Shortbow          |    62 |    87 |   131 ||   280
  Use: Potion            |       |       |     4 ||     4
       Scroll            |       |       |    10 ||    10
  Eat: Ration            |       |     1 |     1 ||     2
       Chunk             |       |     1 |     7 ||     8
Armor: Leather armour    |    16 |    10 |    33 ||    59
Dodge: Dodged            |    15 |    29 |    78 ||   122
